%YAML 1.1
%TAG !u! tag:unity3d.com,2011:
--- !u!1 &2474676848615728540
GameObject:
  m_ObjectHideFlags: 0
  m_CorrespondingSourceObject: {fileID: 0}
  m_PrefabInstance: {fileID: 0}
  m_PrefabAsset: {fileID: 0}
  serializedVersion: 6
  m_Component:
  - component: {fileID: 2499132703470923347}
  m_Layer: 0
  m_Name: Agents
  m_TagString: Untagged
  m_Icon: {fileID: 0}
  m_NavMeshLayer: 0
  m_StaticEditorFlags: 0
  m_IsActive: 1
--- !u!4 &2499132703470923347
Transform:
  m_ObjectHideFlags: 0
  m_CorrespondingSourceObject: {fileID: 0}
  m_PrefabInstance: {fileID: 0}
  m_PrefabAsset: {fileID: 0}
  m_GameObject: {fileID: 2474676848615728540}
  m_LocalRotation: {x: 0, y: 0, z: 0, w: 1}
  m_LocalPosition: {x: 0, y: 0, z: 0}
  m_LocalScale: {x: 1, y: 1, z: 1}
  m_ConstrainProportionsScale: 0
  m_Children:
  - {fileID: 6404735747794068676}
  - {fileID: 3228525902310329469}
  - {fileID: 4596617643736243507}
  - {fileID: 7373884595186584823}
  - {fileID: 273893425303370176}
  - {fileID: 64827400907973729}
  m_Father: {fileID: 5029461075644088656}
  m_RootOrder: 1
  m_LocalEulerAnglesHint: {x: 0, y: 0, z: 0}
--- !u!1 &4470456141639485045
GameObject:
  m_ObjectHideFlags: 0
  m_CorrespondingSourceObject: {fileID: 0}
  m_PrefabInstance: {fileID: 0}
  m_PrefabAsset: {fileID: 0}
  serializedVersion: 6
  m_Component:
  - component: {fileID: 6071151821555159398}
  - component: {fileID: 4117962153795946685}
  - component: {fileID: 1376996922670590339}
  - component: {fileID: 5054007121432006570}
  m_Layer: 8
  m_Name: Muro (5)
  m_TagString: Muro
  m_Icon: {fileID: 0}
  m_NavMeshLayer: 0
  m_StaticEditorFlags: 0
  m_IsActive: 1
--- !u!4 &6071151821555159398
Transform:
  m_ObjectHideFlags: 0
  m_CorrespondingSourceObject: {fileID: 0}
  m_PrefabInstance: {fileID: 0}
  m_PrefabAsset: {fileID: 0}
  m_GameObject: {fileID: 4470456141639485045}
  m_LocalRotation: {x: -0, y: -0, z: -0, w: 1}
  m_LocalPosition: {x: 2, y: 0, z: 0}
  m_LocalScale: {x: 1, y: 10, z: 21}
  m_ConstrainProportionsScale: 0
  m_Children: []
  m_Father: {fileID: 1866816650322569737}
  m_RootOrder: 6
  m_LocalEulerAnglesHint: {x: 0, y: 0, z: 0}
--- !u!33 &4117962153795946685
MeshFilter:
  m_ObjectHideFlags: 0
  m_CorrespondingSourceObject: {fileID: 0}
  m_PrefabInstance: {fileID: 0}
  m_PrefabAsset: {fileID: 0}
  m_GameObject: {fileID: 4470456141639485045}
  m_Mesh: {fileID: 10202, guid: 0000000000000000e000000000000000, type: 0}
--- !u!23 &1376996922670590339
MeshRenderer:
  m_ObjectHideFlags: 0
  m_CorrespondingSourceObject: {fileID: 0}
  m_PrefabInstance: {fileID: 0}
  m_PrefabAsset: {fileID: 0}
  m_GameObject: {fileID: 4470456141639485045}
  m_Enabled: 1
  m_CastShadows: 1
  m_ReceiveShadows: 1
  m_DynamicOccludee: 1
  m_StaticShadowCaster: 0
  m_MotionVectors: 1
  m_LightProbeUsage: 1
  m_ReflectionProbeUsage: 1
  m_RayTracingMode: 2
  m_RayTraceProcedural: 0
  m_RenderingLayerMask: 1
  m_RendererPriority: 0
  m_Materials:
  - {fileID: 2100000, guid: d25f5679ac8b89a4b9d0d6b616af1906, type: 2}
  m_StaticBatchInfo:
    firstSubMesh: 0
    subMeshCount: 0
  m_StaticBatchRoot: {fileID: 0}
  m_ProbeAnchor: {fileID: 0}
  m_LightProbeVolumeOverride: {fileID: 0}
  m_ScaleInLightmap: 1
  m_ReceiveGI: 1
  m_PreserveUVs: 0
  m_IgnoreNormalsForChartDetection: 0
  m_ImportantGI: 0
  m_StitchLightmapSeams: 1
  m_SelectedEditorRenderState: 3
  m_MinimumChartSize: 4
  m_AutoUVMaxDistance: 0.5
  m_AutoUVMaxAngle: 89
  m_LightmapParameters: {fileID: 0}
  m_SortingLayerID: 0
  m_SortingLayer: 0
  m_SortingOrder: 0
  m_AdditionalVertexStreams: {fileID: 0}
--- !u!65 &5054007121432006570
BoxCollider:
  m_ObjectHideFlags: 0
  m_CorrespondingSourceObject: {fileID: 0}
  m_PrefabInstance: {fileID: 0}
  m_PrefabAsset: {fileID: 0}
  m_GameObject: {fileID: 4470456141639485045}
  m_Material: {fileID: 0}
  m_IncludeLayers:
    serializedVersion: 2
    m_Bits: 0
  m_ExcludeLayers:
    serializedVersion: 2
    m_Bits: 0
  m_LayerOverridePriority: 0
  m_IsTrigger: 0
  m_ProvidesContacts: 0
  m_Enabled: 1
  serializedVersion: 3
  m_Size: {x: 1, y: 1, z: 1}
  m_Center: {x: 0, y: 0, z: 0}
--- !u!1 &4501063011117246426
GameObject:
  m_ObjectHideFlags: 0
  m_CorrespondingSourceObject: {fileID: 0}
  m_PrefabInstance: {fileID: 0}
  m_PrefabAsset: {fileID: 0}
  serializedVersion: 6
  m_Component:
  - component: {fileID: 4941336868913821766}
  m_Layer: 0
  m_Name: Targets
  m_TagString: Untagged
  m_Icon: {fileID: 0}
  m_NavMeshLayer: 0
  m_StaticEditorFlags: 0
  m_IsActive: 1
--- !u!4 &4941336868913821766
Transform:
  m_ObjectHideFlags: 0
  m_CorrespondingSourceObject: {fileID: 0}
  m_PrefabInstance: {fileID: 0}
  m_PrefabAsset: {fileID: 0}
  m_GameObject: {fileID: 4501063011117246426}
  m_LocalRotation: {x: 0, y: 0, z: 0, w: 1}
  m_LocalPosition: {x: 0, y: 0, z: 0}
  m_LocalScale: {x: 1, y: 1, z: 1}
  m_ConstrainProportionsScale: 0
  m_Children:
  - {fileID: 249435111664563014}
  - {fileID: 2980655203883730992}
  m_Father: {fileID: 5029461075644088656}
  m_RootOrder: 0
  m_LocalEulerAnglesHint: {x: 0, y: 0, z: 0}
--- !u!1 &4987037894751616228
GameObject:
  m_ObjectHideFlags: 0
  m_CorrespondingSourceObject: {fileID: 0}
  m_PrefabInstance: {fileID: 0}
  m_PrefabAsset: {fileID: 0}
  serializedVersion: 6
  m_Component:
  - component: {fileID: 5793152945696077532}
  - component: {fileID: 5206222422350627205}
  - component: {fileID: 7112056209743224301}
  - component: {fileID: 5579818428870992205}
  m_Layer: 8
  m_Name: Muro (4)
  m_TagString: Muro
  m_Icon: {fileID: 0}
  m_NavMeshLayer: 0
  m_StaticEditorFlags: 0
  m_IsActive: 1
--- !u!4 &5793152945696077532
Transform:
  m_ObjectHideFlags: 0
  m_CorrespondingSourceObject: {fileID: 0}
  m_PrefabInstance: {fileID: 0}
  m_PrefabAsset: {fileID: 0}
  m_GameObject: {fileID: 4987037894751616228}
  m_LocalRotation: {x: -0, y: -0, z: -0, w: 1}
  m_LocalPosition: {x: -2, y: 0, z: 0}
  m_LocalScale: {x: 1, y: 10, z: 21}
  m_ConstrainProportionsScale: 0
  m_Children: []
  m_Father: {fileID: 1866816650322569737}
  m_RootOrder: 5
  m_LocalEulerAnglesHint: {x: 0, y: 0, z: 0}
--- !u!33 &5206222422350627205
MeshFilter:
  m_ObjectHideFlags: 0
  m_CorrespondingSourceObject: {fileID: 0}
  m_PrefabInstance: {fileID: 0}
  m_PrefabAsset: {fileID: 0}
  m_GameObject: {fileID: 4987037894751616228}
  m_Mesh: {fileID: 10202, guid: 0000000000000000e000000000000000, type: 0}
--- !u!23 &7112056209743224301
MeshRenderer:
  m_ObjectHideFlags: 0
  m_CorrespondingSourceObject: {fileID: 0}
  m_PrefabInstance: {fileID: 0}
  m_PrefabAsset: {fileID: 0}
  m_GameObject: {fileID: 4987037894751616228}
  m_Enabled: 1
  m_CastShadows: 1
  m_ReceiveShadows: 1
  m_DynamicOccludee: 1
  m_StaticShadowCaster: 0
  m_MotionVectors: 1
  m_LightProbeUsage: 1
  m_ReflectionProbeUsage: 1
  m_RayTracingMode: 2
  m_RayTraceProcedural: 0
  m_RenderingLayerMask: 1
  m_RendererPriority: 0
  m_Materials:
  - {fileID: 2100000, guid: d25f5679ac8b89a4b9d0d6b616af1906, type: 2}
  m_StaticBatchInfo:
    firstSubMesh: 0
    subMeshCount: 0
  m_StaticBatchRoot: {fileID: 0}
  m_ProbeAnchor: {fileID: 0}
  m_LightProbeVolumeOverride: {fileID: 0}
  m_ScaleInLightmap: 1
  m_ReceiveGI: 1
  m_PreserveUVs: 0
  m_IgnoreNormalsForChartDetection: 0
  m_ImportantGI: 0
  m_StitchLightmapSeams: 1
  m_SelectedEditorRenderState: 3
  m_MinimumChartSize: 4
  m_AutoUVMaxDistance: 0.5
  m_AutoUVMaxAngle: 89
  m_LightmapParameters: {fileID: 0}
  m_SortingLayerID: 0
  m_SortingLayer: 0
  m_SortingOrder: 0
  m_AdditionalVertexStreams: {fileID: 0}
--- !u!65 &5579818428870992205
BoxCollider:
  m_ObjectHideFlags: 0
  m_CorrespondingSourceObject: {fileID: 0}
  m_PrefabInstance: {fileID: 0}
  m_PrefabAsset: {fileID: 0}
  m_GameObject: {fileID: 4987037894751616228}
  m_Material: {fileID: 0}
  m_IncludeLayers:
    serializedVersion: 2
    m_Bits: 0
  m_ExcludeLayers:
    serializedVersion: 2
    m_Bits: 0
  m_LayerOverridePriority: 0
  m_IsTrigger: 0
  m_ProvidesContacts: 0
  m_Enabled: 1
  serializedVersion: 3
  m_Size: {x: 1, y: 1, z: 1}
  m_Center: {x: 0, y: 0, z: 0}
--- !u!1 &5029461075644088659
GameObject:
  m_ObjectHideFlags: 0
  m_CorrespondingSourceObject: {fileID: 0}
  m_PrefabInstance: {fileID: 0}
  m_PrefabAsset: {fileID: 0}
  serializedVersion: 6
  m_Component:
  - component: {fileID: 5029461075644088656}
  - component: {fileID: 2730341454828243862}
  m_Layer: 0
  m_Name: Corridoio3v3 BASE
  m_TagString: Untagged
  m_Icon: {fileID: 0}
  m_NavMeshLayer: 0
  m_StaticEditorFlags: 0
  m_IsActive: 1
--- !u!4 &5029461075644088656
Transform:
  m_ObjectHideFlags: 0
  m_CorrespondingSourceObject: {fileID: 0}
  m_PrefabInstance: {fileID: 0}
  m_PrefabAsset: {fileID: 0}
  m_GameObject: {fileID: 5029461075644088659}
  m_LocalRotation: {x: 0, y: 0, z: 0, w: 1}
  m_LocalPosition: {x: 0, y: 0, z: 0}
  m_LocalScale: {x: 1, y: 1, z: 1}
  m_ConstrainProportionsScale: 0
  m_Children:
  - {fileID: 4941336868913821766}
  - {fileID: 2499132703470923347}
  - {fileID: 1866816650322569737}
  - {fileID: 3599285663022478916}
  m_Father: {fileID: 0}
  m_RootOrder: 0
  m_LocalEulerAnglesHint: {x: 0, y: 0, z: 0}
--- !u!114 &2730341454828243862
MonoBehaviour:
  m_ObjectHideFlags: 0
  m_CorrespondingSourceObject: {fileID: 0}
  m_PrefabInstance: {fileID: 0}
  m_PrefabAsset: {fileID: 0}
  m_GameObject: {fileID: 5029461075644088659}
  m_Enabled: 1
  m_EditorHideFlags: 0
  m_Script: {fileID: 11500000, guid: 3f7c6a01ab2137d4db5915922572c4e0, type: 3}
  m_Name: 
  m_EditorClassIdentifier: 
  maxSteps: 500
  canvasScore: {fileID: 1591036108931677156}
--- !u!1001 &1465486653591242736
PrefabInstance:
  m_ObjectHideFlags: 0
  serializedVersion: 2
  m_Modification:
    serializedVersion: 3
    m_TransformParent: {fileID: 2499132703470923347}
    m_Modifications:
    - target: {fileID: 336504708005571761, guid: d71f22963718fbf4b8642175a5beb606, type: 3}
      propertyPath: group
      value: 2
      objectReference: {fileID: 0}
    - target: {fileID: 8215472406520892161, guid: d71f22963718fbf4b8642175a5beb606, type: 3}
      propertyPath: m_Model
      value: 
      objectReference: {fileID: 5022602860645237092, guid: 4e8626db9f8d7c1419861ed44037f6e8, type: 3}
    - target: {fileID: 8215472406520892164, guid: d71f22963718fbf4b8642175a5beb606, type: 3}
      propertyPath: m_Name
      value: Agent (3)
      objectReference: {fileID: 0}
    - target: {fileID: 8215472406520892164, guid: d71f22963718fbf4b8642175a5beb606, type: 3}
      propertyPath: m_IsActive
      value: 1
      objectReference: {fileID: 0}
    - target: {fileID: 8215472406520892167, guid: d71f22963718fbf4b8642175a5beb606, type: 3}
      propertyPath: m_RootOrder
      value: 3
      objectReference: {fileID: 0}
    - target: {fileID: 8215472406520892167, guid: d71f22963718fbf4b8642175a5beb606, type: 3}
      propertyPath: m_LocalPosition.x
      value: -0.04
      objectReference: {fileID: 0}
    - target: {fileID: 8215472406520892167, guid: d71f22963718fbf4b8642175a5beb606, type: 3}
      propertyPath: m_LocalPosition.y
      value: 0
      objectReference: {fileID: 0}
    - target: {fileID: 8215472406520892167, guid: d71f22963718fbf4b8642175a5beb606, type: 3}
      propertyPath: m_LocalPosition.z
      value: 6.53
      objectReference: {fileID: 0}
    - target: {fileID: 8215472406520892167, guid: d71f22963718fbf4b8642175a5beb606, type: 3}
      propertyPath: m_LocalRotation.w
      value: 0
      objectReference: {fileID: 0}
    - target: {fileID: 8215472406520892167, guid: d71f22963718fbf4b8642175a5beb606, type: 3}
      propertyPath: m_LocalRotation.x
      value: 0
      objectReference: {fileID: 0}
    - target: {fileID: 8215472406520892167, guid: d71f22963718fbf4b8642175a5beb606, type: 3}
      propertyPath: m_LocalRotation.y
      value: 1
      objectReference: {fileID: 0}
    - target: {fileID: 8215472406520892167, guid: d71f22963718fbf4b8642175a5beb606, type: 3}
      propertyPath: m_LocalRotation.z
      value: 0
      objectReference: {fileID: 0}
    - target: {fileID: 8215472406520892167, guid: d71f22963718fbf4b8642175a5beb606, type: 3}
      propertyPath: m_LocalEulerAnglesHint.x
      value: 0
      objectReference: {fileID: 0}
    - target: {fileID: 8215472406520892167, guid: d71f22963718fbf4b8642175a5beb606, type: 3}
      propertyPath: m_LocalEulerAnglesHint.y
      value: 180
      objectReference: {fileID: 0}
    - target: {fileID: 8215472406520892167, guid: d71f22963718fbf4b8642175a5beb606, type: 3}
      propertyPath: m_LocalEulerAnglesHint.z
      value: 0
      objectReference: {fileID: 0}
    m_RemovedComponents: []
    m_RemovedGameObjects: []
    m_AddedGameObjects: []
    m_AddedComponents: []
  m_SourcePrefab: {fileID: 100100000, guid: d71f22963718fbf4b8642175a5beb606, type: 3}
--- !u!4 &7373884595186584823 stripped
Transform:
  m_CorrespondingSourceObject: {fileID: 8215472406520892167, guid: d71f22963718fbf4b8642175a5beb606, type: 3}
  m_PrefabInstance: {fileID: 1465486653591242736}
  m_PrefabAsset: {fileID: 0}
--- !u!1001 &1466017866271250701
PrefabInstance:
  m_ObjectHideFlags: 0
  serializedVersion: 2
  m_Modification:
    serializedVersion: 3
    m_TransformParent: {fileID: 4941336868913821766}
    m_Modifications:
    - target: {fileID: 4396988122849710397, guid: d8645800da04d39419f3182da962b1a1, type: 3}
      propertyPath: m_RootOrder
      value: 1
      objectReference: {fileID: 0}
    - target: {fileID: 4396988122849710397, guid: d8645800da04d39419f3182da962b1a1, type: 3}
      propertyPath: m_LocalScale.z
      value: 2.11
      objectReference: {fileID: 0}
    - target: {fileID: 4396988122849710397, guid: d8645800da04d39419f3182da962b1a1, type: 3}
      propertyPath: m_LocalPosition.x
      value: 0
      objectReference: {fileID: 0}
    - target: {fileID: 4396988122849710397, guid: d8645800da04d39419f3182da962b1a1, type: 3}
      propertyPath: m_LocalPosition.y
      value: 0
      objectReference: {fileID: 0}
    - target: {fileID: 4396988122849710397, guid: d8645800da04d39419f3182da962b1a1, type: 3}
      propertyPath: m_LocalPosition.z
      value: -8.69
      objectReference: {fileID: 0}
    - target: {fileID: 4396988122849710397, guid: d8645800da04d39419f3182da962b1a1, type: 3}
      propertyPath: m_LocalRotation.w
      value: 1
      objectReference: {fileID: 0}
    - target: {fileID: 4396988122849710397, guid: d8645800da04d39419f3182da962b1a1, type: 3}
      propertyPath: m_LocalRotation.x
      value: 0
      objectReference: {fileID: 0}
    - target: {fileID: 4396988122849710397, guid: d8645800da04d39419f3182da962b1a1, type: 3}
      propertyPath: m_LocalRotation.y
      value: 0
      objectReference: {fileID: 0}
    - target: {fileID: 4396988122849710397, guid: d8645800da04d39419f3182da962b1a1, type: 3}
      propertyPath: m_LocalRotation.z
      value: 0
      objectReference: {fileID: 0}
    - target: {fileID: 4396988122849710397, guid: d8645800da04d39419f3182da962b1a1, type: 3}
      propertyPath: m_LocalEulerAnglesHint.x
      value: 0
      objectReference: {fileID: 0}
    - target: {fileID: 4396988122849710397, guid: d8645800da04d39419f3182da962b1a1, type: 3}
      propertyPath: m_LocalEulerAnglesHint.y
      value: 0
      objectReference: {fileID: 0}
    - target: {fileID: 4396988122849710397, guid: d8645800da04d39419f3182da962b1a1, type: 3}
      propertyPath: m_LocalEulerAnglesHint.z
      value: 0
      objectReference: {fileID: 0}
    - target: {fileID: 5100605169048107219, guid: d8645800da04d39419f3182da962b1a1, type: 3}
      propertyPath: group
      value: 2
      objectReference: {fileID: 0}
    - target: {fileID: 5695143438376696120, guid: d8645800da04d39419f3182da962b1a1, type: 3}
      propertyPath: m_Name
      value: Target (1)
      objectReference: {fileID: 0}
    - target: {fileID: 5695143438376696120, guid: d8645800da04d39419f3182da962b1a1, type: 3}
      propertyPath: m_Layer
      value: 18
      objectReference: {fileID: 0}
    m_RemovedComponents: []
    m_RemovedGameObjects: []
    m_AddedGameObjects: []
    m_AddedComponents: []
  m_SourcePrefab: {fileID: 100100000, guid: d8645800da04d39419f3182da962b1a1, type: 3}
--- !u!4 &2980655203883730992 stripped
Transform:
  m_CorrespondingSourceObject: {fileID: 4396988122849710397, guid: d8645800da04d39419f3182da962b1a1, type: 3}
  m_PrefabInstance: {fileID: 1466017866271250701}
  m_PrefabAsset: {fileID: 0}
--- !u!1001 &2372332281497181491
PrefabInstance:
  m_ObjectHideFlags: 0
  serializedVersion: 2
  m_Modification:
    serializedVersion: 3
    m_TransformParent: {fileID: 5029461075644088656}
    m_Modifications:
    - target: {fileID: 4108536845801240378, guid: 1f55f68bc7770a04e8e2436e7476e044, type: 3}
      propertyPath: m_RootOrder
      value: 2
      objectReference: {fileID: 0}
    - target: {fileID: 4108536845801240378, guid: 1f55f68bc7770a04e8e2436e7476e044, type: 3}
      propertyPath: m_LocalPosition.x
      value: 0
      objectReference: {fileID: 0}
    - target: {fileID: 4108536845801240378, guid: 1f55f68bc7770a04e8e2436e7476e044, type: 3}
      propertyPath: m_LocalPosition.y
      value: 0
      objectReference: {fileID: 0}
    - target: {fileID: 4108536845801240378, guid: 1f55f68bc7770a04e8e2436e7476e044, type: 3}
      propertyPath: m_LocalPosition.z
      value: 0
      objectReference: {fileID: 0}
    - target: {fileID: 4108536845801240378, guid: 1f55f68bc7770a04e8e2436e7476e044, type: 3}
      propertyPath: m_LocalRotation.w
      value: 1
      objectReference: {fileID: 0}
    - target: {fileID: 4108536845801240378, guid: 1f55f68bc7770a04e8e2436e7476e044, type: 3}
      propertyPath: m_LocalRotation.x
      value: -0
      objectReference: {fileID: 0}
    - target: {fileID: 4108536845801240378, guid: 1f55f68bc7770a04e8e2436e7476e044, type: 3}
      propertyPath: m_LocalRotation.y
      value: -0
      objectReference: {fileID: 0}
    - target: {fileID: 4108536845801240378, guid: 1f55f68bc7770a04e8e2436e7476e044, type: 3}
      propertyPath: m_LocalRotation.z
      value: -0
      objectReference: {fileID: 0}
    - target: {fileID: 4108536845801240378, guid: 1f55f68bc7770a04e8e2436e7476e044, type: 3}
      propertyPath: m_LocalEulerAnglesHint.x
      value: 0
      objectReference: {fileID: 0}
    - target: {fileID: 4108536845801240378, guid: 1f55f68bc7770a04e8e2436e7476e044, type: 3}
      propertyPath: m_LocalEulerAnglesHint.y
      value: 0
      objectReference: {fileID: 0}
    - target: {fileID: 4108536845801240378, guid: 1f55f68bc7770a04e8e2436e7476e044, type: 3}
      propertyPath: m_LocalEulerAnglesHint.z
      value: 0
      objectReference: {fileID: 0}
    - target: {fileID: 4108536845801240379, guid: 1f55f68bc7770a04e8e2436e7476e044, type: 3}
      propertyPath: m_Name
      value: AmbienteBase
      objectReference: {fileID: 0}
    m_RemovedComponents: []
    m_RemovedGameObjects: []
    m_AddedGameObjects:
    - targetCorrespondingSourceObject: {fileID: 4108536845801240378, guid: 1f55f68bc7770a04e8e2436e7476e044, type: 3}
      insertIndex: -1
      addedObject: {fileID: 5793152945696077532}
    - targetCorrespondingSourceObject: {fileID: 4108536845801240378, guid: 1f55f68bc7770a04e8e2436e7476e044, type: 3}
      insertIndex: -1
      addedObject: {fileID: 6071151821555159398}
    m_AddedComponents: []
  m_SourcePrefab: {fileID: 100100000, guid: 1f55f68bc7770a04e8e2436e7476e044, type: 3}
--- !u!4 &1866816650322569737 stripped
Transform:
  m_CorrespondingSourceObject: {fileID: 4108536845801240378, guid: 1f55f68bc7770a04e8e2436e7476e044, type: 3}
  m_PrefabInstance: {fileID: 2372332281497181491}
  m_PrefabAsset: {fileID: 0}
--- !u!1001 &3089761379657281475
PrefabInstance:
  m_ObjectHideFlags: 0
  serializedVersion: 2
  m_Modification:
    serializedVersion: 3
    m_TransformParent: {fileID: 2499132703470923347}
    m_Modifications:
    - target: {fileID: 336504708005571761, guid: d71f22963718fbf4b8642175a5beb606, type: 3}
      propertyPath: group
      value: 1
      objectReference: {fileID: 0}
    - target: {fileID: 8215472406520892161, guid: d71f22963718fbf4b8642175a5beb606, type: 3}
      propertyPath: m_Model
      value: 
      objectReference: {fileID: 5022602860645237092, guid: 4e8626db9f8d7c1419861ed44037f6e8, type: 3}
    - target: {fileID: 8215472406520892164, guid: d71f22963718fbf4b8642175a5beb606, type: 3}
      propertyPath: m_Name
      value: Agent
      objectReference: {fileID: 0}
    - target: {fileID: 8215472406520892164, guid: d71f22963718fbf4b8642175a5beb606, type: 3}
      propertyPath: m_IsActive
      value: 1
      objectReference: {fileID: 0}
    - target: {fileID: 8215472406520892167, guid: d71f22963718fbf4b8642175a5beb606, type: 3}
      propertyPath: m_RootOrder
      value: 0
      objectReference: {fileID: 0}
    - target: {fileID: 8215472406520892167, guid: d71f22963718fbf4b8642175a5beb606, type: 3}
      propertyPath: m_LocalPosition.x
      value: -0.05
      objectReference: {fileID: 0}
    - target: {fileID: 8215472406520892167, guid: d71f22963718fbf4b8642175a5beb606, type: 3}
      propertyPath: m_LocalPosition.y
      value: 0
      objectReference: {fileID: 0}
    - target: {fileID: 8215472406520892167, guid: d71f22963718fbf4b8642175a5beb606, type: 3}
      propertyPath: m_LocalPosition.z
      value: -8.97
      objectReference: {fileID: 0}
    - target: {fileID: 8215472406520892167, guid: d71f22963718fbf4b8642175a5beb606, type: 3}
      propertyPath: m_LocalRotation.w
      value: 1
      objectReference: {fileID: 0}
    - target: {fileID: 8215472406520892167, guid: d71f22963718fbf4b8642175a5beb606, type: 3}
      propertyPath: m_LocalRotation.x
      value: -0
      objectReference: {fileID: 0}
    - target: {fileID: 8215472406520892167, guid: d71f22963718fbf4b8642175a5beb606, type: 3}
      propertyPath: m_LocalRotation.y
      value: -0
      objectReference: {fileID: 0}
    - target: {fileID: 8215472406520892167, guid: d71f22963718fbf4b8642175a5beb606, type: 3}
      propertyPath: m_LocalRotation.z
      value: -0
      objectReference: {fileID: 0}
    - target: {fileID: 8215472406520892167, guid: d71f22963718fbf4b8642175a5beb606, type: 3}
      propertyPath: m_LocalEulerAnglesHint.x
      value: 0
      objectReference: {fileID: 0}
    - target: {fileID: 8215472406520892167, guid: d71f22963718fbf4b8642175a5beb606, type: 3}
      propertyPath: m_LocalEulerAnglesHint.y
      value: 0
      objectReference: {fileID: 0}
    - target: {fileID: 8215472406520892167, guid: d71f22963718fbf4b8642175a5beb606, type: 3}
      propertyPath: m_LocalEulerAnglesHint.z
      value: 0
      objectReference: {fileID: 0}
    m_RemovedComponents: []
    m_RemovedGameObjects: []
    m_AddedGameObjects: []
    m_AddedComponents: []
  m_SourcePrefab: {fileID: 100100000, guid: d71f22963718fbf4b8642175a5beb606, type: 3}
--- !u!4 &6404735747794068676 stripped
Transform:
  m_CorrespondingSourceObject: {fileID: 8215472406520892167, guid: d71f22963718fbf4b8642175a5beb606, type: 3}
  m_PrefabInstance: {fileID: 3089761379657281475}
  m_PrefabAsset: {fileID: 0}
--- !u!1001 &4499965257474056827
PrefabInstance:
  m_ObjectHideFlags: 0
  serializedVersion: 2
  m_Modification:
    serializedVersion: 3
    m_TransformParent: {fileID: 4941336868913821766}
    m_Modifications:
    - target: {fileID: 4396988122849710397, guid: d8645800da04d39419f3182da962b1a1, type: 3}
      propertyPath: m_RootOrder
      value: 0
      objectReference: {fileID: 0}
    - target: {fileID: 4396988122849710397, guid: d8645800da04d39419f3182da962b1a1, type: 3}
      propertyPath: m_LocalScale.z
      value: 1.67
      objectReference: {fileID: 0}
    - target: {fileID: 4396988122849710397, guid: d8645800da04d39419f3182da962b1a1, type: 3}
      propertyPath: m_LocalPosition.x
      value: -0.04
      objectReference: {fileID: 0}
    - target: {fileID: 4396988122849710397, guid: d8645800da04d39419f3182da962b1a1, type: 3}
      propertyPath: m_LocalPosition.y
      value: 0
      objectReference: {fileID: 0}
    - target: {fileID: 4396988122849710397, guid: d8645800da04d39419f3182da962b1a1, type: 3}
      propertyPath: m_LocalPosition.z
      value: 8.84
      objectReference: {fileID: 0}
    - target: {fileID: 4396988122849710397, guid: d8645800da04d39419f3182da962b1a1, type: 3}
      propertyPath: m_LocalRotation.w
      value: 1
      objectReference: {fileID: 0}
    - target: {fileID: 4396988122849710397, guid: d8645800da04d39419f3182da962b1a1, type: 3}
      propertyPath: m_LocalRotation.x
      value: 0
      objectReference: {fileID: 0}
    - target: {fileID: 4396988122849710397, guid: d8645800da04d39419f3182da962b1a1, type: 3}
      propertyPath: m_LocalRotation.y
      value: 0
      objectReference: {fileID: 0}
    - target: {fileID: 4396988122849710397, guid: d8645800da04d39419f3182da962b1a1, type: 3}
      propertyPath: m_LocalRotation.z
      value: 0
      objectReference: {fileID: 0}
    - target: {fileID: 4396988122849710397, guid: d8645800da04d39419f3182da962b1a1, type: 3}
      propertyPath: m_LocalEulerAnglesHint.x
      value: 0
      objectReference: {fileID: 0}
    - target: {fileID: 4396988122849710397, guid: d8645800da04d39419f3182da962b1a1, type: 3}
      propertyPath: m_LocalEulerAnglesHint.y
      value: 0
      objectReference: {fileID: 0}
    - target: {fileID: 4396988122849710397, guid: d8645800da04d39419f3182da962b1a1, type: 3}
      propertyPath: m_LocalEulerAnglesHint.z
      value: 0
      objectReference: {fileID: 0}
    - target: {fileID: 5100605169048107219, guid: d8645800da04d39419f3182da962b1a1, type: 3}
      propertyPath: group
      value: 1
      objectReference: {fileID: 0}
    - target: {fileID: 5695143438376696120, guid: d8645800da04d39419f3182da962b1a1, type: 3}
      propertyPath: m_Name
      value: Target
      objectReference: {fileID: 0}
    - target: {fileID: 5695143438376696120, guid: d8645800da04d39419f3182da962b1a1, type: 3}
      propertyPath: m_Layer
      value: 17
      objectReference: {fileID: 0}
    m_RemovedComponents: []
    m_RemovedGameObjects: []
    m_AddedGameObjects: []
    m_AddedComponents: []
  m_SourcePrefab: {fileID: 100100000, guid: d8645800da04d39419f3182da962b1a1, type: 3}
--- !u!4 &249435111664563014 stripped
Transform:
  m_CorrespondingSourceObject: {fileID: 4396988122849710397, guid: d8645800da04d39419f3182da962b1a1, type: 3}
  m_PrefabInstance: {fileID: 4499965257474056827}
  m_PrefabAsset: {fileID: 0}
--- !u!1001 &4931956183354299507
PrefabInstance:
  m_ObjectHideFlags: 0
  serializedVersion: 2
  m_Modification:
    serializedVersion: 3
    m_TransformParent: {fileID: 5029461075644088656}
    m_Modifications:
    - target: {fileID: 7029880133630607927, guid: c6363ce501579254297ef5b80ffb67fc, type: 3}
      propertyPath: m_Name
      value: Canvas
      objectReference: {fileID: 0}
    - target: {fileID: 8467593278458667575, guid: c6363ce501579254297ef5b80ffb67fc, type: 3}
      propertyPath: m_Pivot.x
      value: 1
      objectReference: {fileID: 0}
    - target: {fileID: 8467593278458667575, guid: c6363ce501579254297ef5b80ffb67fc, type: 3}
      propertyPath: m_Pivot.y
      value: 1
      objectReference: {fileID: 0}
    - target: {fileID: 8467593278458667575, guid: c6363ce501579254297ef5b80ffb67fc, type: 3}
      propertyPath: m_RootOrder
      value: 3
      objectReference: {fileID: 0}
    - target: {fileID: 8467593278458667575, guid: c6363ce501579254297ef5b80ffb67fc, type: 3}
      propertyPath: m_AnchorMax.x
      value: 0
      objectReference: {fileID: 0}
    - target: {fileID: 8467593278458667575, guid: c6363ce501579254297ef5b80ffb67fc, type: 3}
      propertyPath: m_AnchorMax.y
      value: 0
      objectReference: {fileID: 0}
    - target: {fileID: 8467593278458667575, guid: c6363ce501579254297ef5b80ffb67fc, type: 3}
      propertyPath: m_AnchorMin.x
      value: 0
      objectReference: {fileID: 0}
    - target: {fileID: 8467593278458667575, guid: c6363ce501579254297ef5b80ffb67fc, type: 3}
      propertyPath: m_AnchorMin.y
      value: 0
      objectReference: {fileID: 0}
    - target: {fileID: 8467593278458667575, guid: c6363ce501579254297ef5b80ffb67fc, type: 3}
      propertyPath: m_SizeDelta.x
      value: 0
      objectReference: {fileID: 0}
    - target: {fileID: 8467593278458667575, guid: c6363ce501579254297ef5b80ffb67fc, type: 3}
      propertyPath: m_SizeDelta.y
      value: 0
      objectReference: {fileID: 0}
    - target: {fileID: 8467593278458667575, guid: c6363ce501579254297ef5b80ffb67fc, type: 3}
      propertyPath: m_LocalPosition.x
      value: 0
      objectReference: {fileID: 0}
    - target: {fileID: 8467593278458667575, guid: c6363ce501579254297ef5b80ffb67fc, type: 3}
      propertyPath: m_LocalPosition.y
      value: 0
      objectReference: {fileID: 0}
    - target: {fileID: 8467593278458667575, guid: c6363ce501579254297ef5b80ffb67fc, type: 3}
      propertyPath: m_LocalPosition.z
      value: -2.55
      objectReference: {fileID: 0}
    - target: {fileID: 8467593278458667575, guid: c6363ce501579254297ef5b80ffb67fc, type: 3}
      propertyPath: m_LocalRotation.w
      value: 0.7071068
      objectReference: {fileID: 0}
    - target: {fileID: 8467593278458667575, guid: c6363ce501579254297ef5b80ffb67fc, type: 3}
      propertyPath: m_LocalRotation.x
      value: 0.7071068
      objectReference: {fileID: 0}
    - target: {fileID: 8467593278458667575, guid: c6363ce501579254297ef5b80ffb67fc, type: 3}
      propertyPath: m_LocalRotation.y
      value: -0
      objectReference: {fileID: 0}
    - target: {fileID: 8467593278458667575, guid: c6363ce501579254297ef5b80ffb67fc, type: 3}
      propertyPath: m_LocalRotation.z
      value: -0
      objectReference: {fileID: 0}
    - target: {fileID: 8467593278458667575, guid: c6363ce501579254297ef5b80ffb67fc, type: 3}
      propertyPath: m_AnchoredPosition.x
      value: 0
      objectReference: {fileID: 0}
    - target: {fileID: 8467593278458667575, guid: c6363ce501579254297ef5b80ffb67fc, type: 3}
      propertyPath: m_AnchoredPosition.y
      value: 0
      objectReference: {fileID: 0}
    - target: {fileID: 8467593278458667575, guid: c6363ce501579254297ef5b80ffb67fc, type: 3}
      propertyPath: m_LocalEulerAnglesHint.x
      value: 90
      objectReference: {fileID: 0}
    - target: {fileID: 8467593278458667575, guid: c6363ce501579254297ef5b80ffb67fc, type: 3}
      propertyPath: m_LocalEulerAnglesHint.y
      value: 90
      objectReference: {fileID: 0}
    - target: {fileID: 8467593278458667575, guid: c6363ce501579254297ef5b80ffb67fc, type: 3}
      propertyPath: m_LocalEulerAnglesHint.z
      value: 90
      objectReference: {fileID: 0}
    m_RemovedComponents: []
    m_RemovedGameObjects: []
    m_AddedGameObjects: []
    m_AddedComponents: []
  m_SourcePrefab: {fileID: 100100000, guid: c6363ce501579254297ef5b80ffb67fc, type: 3}
--- !u!114 &1591036108931677156 stripped
MonoBehaviour:
  m_CorrespondingSourceObject: {fileID: 5937339622755331991, guid: c6363ce501579254297ef5b80ffb67fc, type: 3}
  m_PrefabInstance: {fileID: 4931956183354299507}
  m_PrefabAsset: {fileID: 0}
  m_GameObject: {fileID: 0}
  m_Enabled: 1
  m_EditorHideFlags: 0
  m_Script: {fileID: 11500000, guid: 5f7201a12d95ffc409449d95f23cf332, type: 3}
  m_Name: 
  m_EditorClassIdentifier: 
--- !u!224 &3599285663022478916 stripped
RectTransform:
  m_CorrespondingSourceObject: {fileID: 8467593278458667575, guid: c6363ce501579254297ef5b80ffb67fc, type: 3}
  m_PrefabInstance: {fileID: 4931956183354299507}
  m_PrefabAsset: {fileID: 0}
--- !u!1001 &5605098917885810228
PrefabInstance:
  m_ObjectHideFlags: 0
  serializedVersion: 2
  m_Modification:
    serializedVersion: 3
    m_TransformParent: {fileID: 2499132703470923347}
    m_Modifications:
    - target: {fileID: 336504708005571761, guid: d71f22963718fbf4b8642175a5beb606, type: 3}
      propertyPath: group
      value: 1
      objectReference: {fileID: 0}
    - target: {fileID: 8215472406520892161, guid: d71f22963718fbf4b8642175a5beb606, type: 3}
      propertyPath: m_Model
      value: 
      objectReference: {fileID: 5022602860645237092, guid: 4e8626db9f8d7c1419861ed44037f6e8, type: 3}
    - target: {fileID: 8215472406520892164, guid: d71f22963718fbf4b8642175a5beb606, type: 3}
      propertyPath: m_Name
      value: Agent (2)
      objectReference: {fileID: 0}
    - target: {fileID: 8215472406520892164, guid: d71f22963718fbf4b8642175a5beb606, type: 3}
      propertyPath: m_IsActive
      value: 1
      objectReference: {fileID: 0}
    - target: {fileID: 8215472406520892167, guid: d71f22963718fbf4b8642175a5beb606, type: 3}
      propertyPath: m_RootOrder
      value: 2
      objectReference: {fileID: 0}
    - target: {fileID: 8215472406520892167, guid: d71f22963718fbf4b8642175a5beb606, type: 3}
      propertyPath: m_LocalPosition.x
      value: -0.06
      objectReference: {fileID: 0}
    - target: {fileID: 8215472406520892167, guid: d71f22963718fbf4b8642175a5beb606, type: 3}
      propertyPath: m_LocalPosition.y
      value: 0
      objectReference: {fileID: 0}
    - target: {fileID: 8215472406520892167, guid: d71f22963718fbf4b8642175a5beb606, type: 3}
      propertyPath: m_LocalPosition.z
      value: -4.19
      objectReference: {fileID: 0}
    - target: {fileID: 8215472406520892167, guid: d71f22963718fbf4b8642175a5beb606, type: 3}
      propertyPath: m_LocalRotation.w
      value: 1
      objectReference: {fileID: 0}
    - target: {fileID: 8215472406520892167, guid: d71f22963718fbf4b8642175a5beb606, type: 3}
      propertyPath: m_LocalRotation.x
      value: -0
      objectReference: {fileID: 0}
    - target: {fileID: 8215472406520892167, guid: d71f22963718fbf4b8642175a5beb606, type: 3}
      propertyPath: m_LocalRotation.y
      value: -0
      objectReference: {fileID: 0}
    - target: {fileID: 8215472406520892167, guid: d71f22963718fbf4b8642175a5beb606, type: 3}
      propertyPath: m_LocalRotation.z
      value: -0
      objectReference: {fileID: 0}
    - target: {fileID: 8215472406520892167, guid: d71f22963718fbf4b8642175a5beb606, type: 3}
      propertyPath: m_LocalEulerAnglesHint.x
      value: 0
      objectReference: {fileID: 0}
    - target: {fileID: 8215472406520892167, guid: d71f22963718fbf4b8642175a5beb606, type: 3}
      propertyPath: m_LocalEulerAnglesHint.y
      value: 0
      objectReference: {fileID: 0}
    - target: {fileID: 8215472406520892167, guid: d71f22963718fbf4b8642175a5beb606, type: 3}
      propertyPath: m_LocalEulerAnglesHint.z
      value: 0
      objectReference: {fileID: 0}
    m_RemovedComponents: []
    m_RemovedGameObjects: []
    m_AddedGameObjects: []
    m_AddedComponents: []
  m_SourcePrefab: {fileID: 100100000, guid: d71f22963718fbf4b8642175a5beb606, type: 3}
--- !u!4 &4596617643736243507 stripped
Transform:
  m_CorrespondingSourceObject: {fileID: 8215472406520892167, guid: d71f22963718fbf4b8642175a5beb606, type: 3}
  m_PrefabInstance: {fileID: 5605098917885810228}
  m_PrefabAsset: {fileID: 0}
--- !u!1001 &6831186113469171578
PrefabInstance:
  m_ObjectHideFlags: 0
  serializedVersion: 2
  m_Modification:
    serializedVersion: 3
    m_TransformParent: {fileID: 2499132703470923347}
    m_Modifications:
    - target: {fileID: 336504708005571761, guid: d71f22963718fbf4b8642175a5beb606, type: 3}
      propertyPath: group
      value: 1
      objectReference: {fileID: 0}
    - target: {fileID: 8215472406520892161, guid: d71f22963718fbf4b8642175a5beb606, type: 3}
      propertyPath: m_Model
      value: 
      objectReference: {fileID: 5022602860645237092, guid: 4e8626db9f8d7c1419861ed44037f6e8, type: 3}
    - target: {fileID: 8215472406520892164, guid: d71f22963718fbf4b8642175a5beb606, type: 3}
      propertyPath: m_Name
      value: Agent (1)
      objectReference: {fileID: 0}
    - target: {fileID: 8215472406520892164, guid: d71f22963718fbf4b8642175a5beb606, type: 3}
      propertyPath: m_IsActive
      value: 1
      objectReference: {fileID: 0}
    - target: {fileID: 8215472406520892167, guid: d71f22963718fbf4b8642175a5beb606, type: 3}
      propertyPath: m_RootOrder
      value: 1
      objectReference: {fileID: 0}
    - target: {fileID: 8215472406520892167, guid: d71f22963718fbf4b8642175a5beb606, type: 3}
      propertyPath: m_LocalPosition.x
      value: -0.04
      objectReference: {fileID: 0}
    - target: {fileID: 8215472406520892167, guid: d71f22963718fbf4b8642175a5beb606, type: 3}
      propertyPath: m_LocalPosition.y
      value: 0
      objectReference: {fileID: 0}
    - target: {fileID: 8215472406520892167, guid: d71f22963718fbf4b8642175a5beb606, type: 3}
      propertyPath: m_LocalPosition.z
      value: -6.48
      objectReference: {fileID: 0}
    - target: {fileID: 8215472406520892167, guid: d71f22963718fbf4b8642175a5beb606, type: 3}
      propertyPath: m_LocalRotation.w
      value: 1
      objectReference: {fileID: 0}
    - target: {fileID: 8215472406520892167, guid: d71f22963718fbf4b8642175a5beb606, type: 3}
      propertyPath: m_LocalRotation.x
      value: -0
      objectReference: {fileID: 0}
    - target: {fileID: 8215472406520892167, guid: d71f22963718fbf4b8642175a5beb606, type: 3}
      propertyPath: m_LocalRotation.y
      value: -0
      objectReference: {fileID: 0}
    - target: {fileID: 8215472406520892167, guid: d71f22963718fbf4b8642175a5beb606, type: 3}
      propertyPath: m_LocalRotation.z
      value: -0
      objectReference: {fileID: 0}
    - target: {fileID: 8215472406520892167, guid: d71f22963718fbf4b8642175a5beb606, type: 3}
      propertyPath: m_LocalEulerAnglesHint.x
      value: 0
      objectReference: {fileID: 0}
    - target: {fileID: 8215472406520892167, guid: d71f22963718fbf4b8642175a5beb606, type: 3}
      propertyPath: m_LocalEulerAnglesHint.y
      value: 0
      objectReference: {fileID: 0}
    - target: {fileID: 8215472406520892167, guid: d71f22963718fbf4b8642175a5beb606, type: 3}
      propertyPath: m_LocalEulerAnglesHint.z
      value: 0
      objectReference: {fileID: 0}
    m_RemovedComponents: []
    m_RemovedGameObjects: []
    m_AddedGameObjects: []
    m_AddedComponents: []
  m_SourcePrefab: {fileID: 100100000, guid: d71f22963718fbf4b8642175a5beb606, type: 3}
--- !u!4 &3228525902310329469 stripped
Transform:
  m_CorrespondingSourceObject: {fileID: 8215472406520892167, guid: d71f22963718fbf4b8642175a5beb606, type: 3}
  m_PrefabInstance: {fileID: 6831186113469171578}
  m_PrefabAsset: {fileID: 0}
--- !u!1001 &8200536221818434247
PrefabInstance:
  m_ObjectHideFlags: 0
  serializedVersion: 2
  m_Modification:
    serializedVersion: 3
    m_TransformParent: {fileID: 2499132703470923347}
    m_Modifications:
    - target: {fileID: 336504708005571761, guid: d71f22963718fbf4b8642175a5beb606, type: 3}
      propertyPath: group
      value: 2
      objectReference: {fileID: 0}
    - target: {fileID: 8215472406520892161, guid: d71f22963718fbf4b8642175a5beb606, type: 3}
      propertyPath: m_Model
      value: 
      objectReference: {fileID: 5022602860645237092, guid: 4e8626db9f8d7c1419861ed44037f6e8, type: 3}
    - target: {fileID: 8215472406520892164, guid: d71f22963718fbf4b8642175a5beb606, type: 3}
      propertyPath: m_Name
      value: Agent (4)
      objectReference: {fileID: 0}
    - target: {fileID: 8215472406520892164, guid: d71f22963718fbf4b8642175a5beb606, type: 3}
      propertyPath: m_IsActive
      value: 1
      objectReference: {fileID: 0}
    - target: {fileID: 8215472406520892167, guid: d71f22963718fbf4b8642175a5beb606, type: 3}
      propertyPath: m_RootOrder
      value: 4
      objectReference: {fileID: 0}
    - target: {fileID: 8215472406520892167, guid: d71f22963718fbf4b8642175a5beb606, type: 3}
      propertyPath: m_LocalPosition.x
      value: -0.05
      objectReference: {fileID: 0}
    - target: {fileID: 8215472406520892167, guid: d71f22963718fbf4b8642175a5beb606, type: 3}
      propertyPath: m_LocalPosition.y
      value: 0
      objectReference: {fileID: 0}
    - target: {fileID: 8215472406520892167, guid: d71f22963718fbf4b8642175a5beb606, type: 3}
      propertyPath: m_LocalPosition.z
      value: 4.19
      objectReference: {fileID: 0}
    - target: {fileID: 8215472406520892167, guid: d71f22963718fbf4b8642175a5beb606, type: 3}
      propertyPath: m_LocalRotation.w
      value: 0
      objectReference: {fileID: 0}
    - target: {fileID: 8215472406520892167, guid: d71f22963718fbf4b8642175a5beb606, type: 3}
      propertyPath: m_LocalRotation.x
      value: 0
      objectReference: {fileID: 0}
    - target: {fileID: 8215472406520892167, guid: d71f22963718fbf4b8642175a5beb606, type: 3}
      propertyPath: m_LocalRotation.y
      value: 1
      objectReference: {fileID: 0}
    - target: {fileID: 8215472406520892167, guid: d71f22963718fbf4b8642175a5beb606, type: 3}
      propertyPath: m_LocalRotation.z
      value: 0
      objectReference: {fileID: 0}
    - target: {fileID: 8215472406520892167, guid: d71f22963718fbf4b8642175a5beb606, type: 3}
      propertyPath: m_LocalEulerAnglesHint.x
      value: 0
      objectReference: {fileID: 0}
    - target: {fileID: 8215472406520892167, guid: d71f22963718fbf4b8642175a5beb606, type: 3}
      propertyPath: m_LocalEulerAnglesHint.y
      value: 180
      objectReference: {fileID: 0}
    - target: {fileID: 8215472406520892167, guid: d71f22963718fbf4b8642175a5beb606, type: 3}
      propertyPath: m_LocalEulerAnglesHint.z
      value: 0
      objectReference: {fileID: 0}
    m_RemovedComponents: []
    m_RemovedGameObjects: []
    m_AddedGameObjects: []
    m_AddedComponents: []
  m_SourcePrefab: {fileID: 100100000, guid: d71f22963718fbf4b8642175a5beb606, type: 3}
--- !u!4 &273893425303370176 stripped
Transform:
  m_CorrespondingSourceObject: {fileID: 8215472406520892167, guid: d71f22963718fbf4b8642175a5beb606, type: 3}
  m_PrefabInstance: {fileID: 8200536221818434247}
  m_PrefabAsset: {fileID: 0}
--- !u!1001 &8279138445568733030
PrefabInstance:
  m_ObjectHideFlags: 0
  serializedVersion: 2
  m_Modification:
    serializedVersion: 3
    m_TransformParent: {fileID: 2499132703470923347}
    m_Modifications:
    - target: {fileID: 336504708005571761, guid: d71f22963718fbf4b8642175a5beb606, type: 3}
      propertyPath: group
      value: 2
      objectReference: {fileID: 0}
    - target: {fileID: 8215472406520892161, guid: d71f22963718fbf4b8642175a5beb606, type: 3}
      propertyPath: m_Model
      value: 
      objectReference: {fileID: 5022602860645237092, guid: 4e8626db9f8d7c1419861ed44037f6e8, type: 3}
    - target: {fileID: 8215472406520892164, guid: d71f22963718fbf4b8642175a5beb606, type: 3}
      propertyPath: m_Name
      value: Agent (5)
      objectReference: {fileID: 0}
    - target: {fileID: 8215472406520892164, guid: d71f22963718fbf4b8642175a5beb606, type: 3}
      propertyPath: m_IsActive
      value: 1
      objectReference: {fileID: 0}
    - target: {fileID: 8215472406520892167, guid: d71f22963718fbf4b8642175a5beb606, type: 3}
      propertyPath: m_RootOrder
      value: 5
      objectReference: {fileID: 0}
    - target: {fileID: 8215472406520892167, guid: d71f22963718fbf4b8642175a5beb606, type: 3}
      propertyPath: m_LocalPosition.x
      value: -0.11
      objectReference: {fileID: 0}
    - target: {fileID: 8215472406520892167, guid: d71f22963718fbf4b8642175a5beb606, type: 3}
      propertyPath: m_LocalPosition.y
      value: 0
      objectReference: {fileID: 0}
    - target: {fileID: 8215472406520892167, guid: d71f22963718fbf4b8642175a5beb606, type: 3}
      propertyPath: m_LocalPosition.z
      value: 8.97
      objectReference: {fileID: 0}
    - target: {fileID: 8215472406520892167, guid: d71f22963718fbf4b8642175a5beb606, type: 3}
      propertyPath: m_LocalRotation.w
      value: 0
      objectReference: {fileID: 0}
    - target: {fileID: 8215472406520892167, guid: d71f22963718fbf4b8642175a5beb606, type: 3}
      propertyPath: m_LocalRotation.x
      value: 0
      objectReference: {fileID: 0}
    - target: {fileID: 8215472406520892167, guid: d71f22963718fbf4b8642175a5beb606, type: 3}
      propertyPath: m_LocalRotation.y
      value: 1
      objectReference: {fileID: 0}
    - target: {fileID: 8215472406520892167, guid: d71f22963718fbf4b8642175a5beb606, type: 3}
      propertyPath: m_LocalRotation.z
      value: 0
      objectReference: {fileID: 0}
    - target: {fileID: 8215472406520892167, guid: d71f22963718fbf4b8642175a5beb606, type: 3}
      propertyPath: m_LocalEulerAnglesHint.x
      value: 0
      objectReference: {fileID: 0}
    - target: {fileID: 8215472406520892167, guid: d71f22963718fbf4b8642175a5beb606, type: 3}
      propertyPath: m_LocalEulerAnglesHint.y
      value: 180
      objectReference: {fileID: 0}
    - target: {fileID: 8215472406520892167, guid: d71f22963718fbf4b8642175a5beb606, type: 3}
      propertyPath: m_LocalEulerAnglesHint.z
      value: 0
      objectReference: {fileID: 0}
    m_RemovedComponents: []
    m_RemovedGameObjects: []
    m_AddedGameObjects: []
    m_AddedComponents: []
  m_SourcePrefab: {fileID: 100100000, guid: d71f22963718fbf4b8642175a5beb606, type: 3}
--- !u!4 &64827400907973729 stripped
Transform:
  m_CorrespondingSourceObject: {fileID: 8215472406520892167, guid: d71f22963718fbf4b8642175a5beb606, type: 3}
  m_PrefabInstance: {fileID: 8279138445568733030}
  m_PrefabAsset: {fileID: 0}
